 Dungeon Crawl Stone Soup version 0.25.1-11-g244df3a29b (webtiles) character file.

Game seed: 11466857249423076262

367 DeepDeath the Poker (level 7, 0/50 HPs)
             Began as a Formicid Gladiator on Dec 24, 2023.
             Was an Initiate of Qazlal.
             Killed from afar by an orc wizard (9 damage)
             ... with a puff of flame
             ... on level 4 of the Dungeon.
             The game lasted 00:12:22 (5481 turns).

DeepDeath the Poker (Formicid Gladiator)            Turns: 5481, Time: 00:12:22

Health: 0/50       AC:  3    Str: 18 (20) XL:     7   Next: 1%
Magic:  7/7        EV: 12    Int:  8      God:    Qazlal [......]
Gold:   149        SH:  0    Dex: 10 (12) Spells: 6/6 levels left

rFire    . . .     SeeInvis +   w - +0 trident
rCold    . . .     Gourm    .   (no shield)
rNeg     . . .     Faith    .   b - +0 leather armour
rPois    .         Spirit   .   (helmet unavailable)
rElec    .         Reflect  .   (no cloak)
rCorr    .         Harm     .   (no gloves)
MR       .....                  (no boots)
Stlth    +.........             (no amulet)
HPRegen  0.16/turn              (no ring)
MPRegen  0.10/turn              (no ring)

@: no status effects
A: permanent stasis, dig shafts and tunnels, four strong arms, antennae 3
a: Dig, Shaft Self, Renounce Religion


You were on level 4 of the Dungeon.
You worshipped Qazlal.
Qazlal was noncommittal.
You were not hungry.

You visited 1 branch of the dungeon, and saw 4 of its levels.

You collected 149 gold pieces.

Inventory:

Hand Weapons
 m - a +4 vampiric whip
 q - a +1 hunting sling of flaming
 w - a +0 trident (weapon)
Missiles
 f - 19 bolts
 i - 164 stones (quivered)
 k - 20 sling bullets
 n - 21 arrows
Armour
 b - a +0 leather armour (worn)
 c - a +1 scale mail
Scrolls
 p - a scroll of identify
Potions
 e - a potion of mutation
 g - a potion of lignification
 h - 2 potions of cancellation
 j - a potion of resistance
 l - a potion of curing
Comestibles
 d - 7 rations


   Skills:
 - Level 2.1 Fighting
 * Level 6.9 Polearms
 - Level 2.0 Throwing
 - Level 2.0 Armour
 - Level 2.6 Dodging
 - Level 1.0 Invocations


You had 6 spell levels left.
You didn't know any spells.
Your spell library was empty.

Dungeon Overview and Level Annotations

Branches:
Dungeon (4/15)
 Temple: D:4-7

Altars:
Qazlal


Innate Abilities, Weirdness & Mutations

You cannot be hasted, slowed, berserked, paralysed or teleported.
You can dig through walls and to a lower floor.
Your four strong arms can wield two-handed weapons with a shield.
You have a pair of large antennae on your head. (SInv)


Message History

The orc wizard hits you but does no damage.
You hit the orc wizard.
The orc wizard is almost dead.
The orc wizard points at you and mumbles some strange words.
The magic dart hits you!
* * * LOW HITPOINT WARNING * * *
You barely miss the orc wizard.
The orc wizard is almost dead.
The orc wizard barely misses you. The orc wizard closely misses you.
You hit the orc wizard but do no damage.
The orc wizard is almost dead.
The orc wizard mumbles some strange words.
The orc wizard blinks!
Unknown command.
The orc wizard points at you and mumbles some strange words.
The magic dart hits you.
* * * LOW HITPOINT WARNING * * *
The orc wizard casts a spell at you. The puff of flame hits you!
You die...

#.#.####### #.#.# #.#.#
........# #.#.# .........#
#####.#.# .........#
#...#.#.# ..>......#
#.#.#.#'### .........#
#.#.#.....# .........#
#@#.......+
.........#######.####....#
>.......(((.(o.o...o.....#
........(##########).###.#
......#..............## .#
......#...............# .#
......#{............#.#
......#{............#...
......#†............##..#


You could see an orc wizard (invisible).

Vanquished Creatures
  An ogre (D:3)
  A scorpion (D:4)
  A hound (D:4)
  Robin (D:2)
  A gnoll (D:4)
  6 adders
  2 worms
  A dart slug (D:2)
  A leopard gecko (D:1)
  5 orcs
  2 ball pythons
  5 bats
  7 giant cockroaches
  23 goblins
  12 hobgoblins
  8 jackals
  3 quokkas
  5 frilled lizards
  14 kobolds
  9 rats
108 creatures vanquished.

Notes
Turn   | Place    | Note
-------+----------+-------------------------------------------
     0 | D:1      | DeepDeath the Formicid Gladiator began the quest for the
                  | Orb.
     0 | D:1      | Reached XP level 1. HP: 16/16 MP: 1/1
   151 | D:1      | Reached XP level 2. HP: 22/22 MP: 2/2
   316 | D:1      | Reached skill level 1 in Armour
   480 | D:1      | Reached XP level 3. HP: 18/27 MP: 3/3
  1041 | D:2      | Reached skill level 4 in Polearms
  1529 | D:2      | Reached XP level 4. HP: 28/33 MP: 4/4
  2822 | D:2      | Noticed Robin
  2886 | D:1      | Reached XP level 5. HP: 22/38 MP: 5/5
  3209 | D:2      | Killed Robin
  3209 | D:2      | Reached skill level 5 in Polearms
  3947 | D:3      | Found a stormy altar of Qazlal.
  3971 | D:3      | Noticed an ogre
  4002 | D:3      | Killed an ogre
  4002 | D:3      | Reached skill level 6 in Polearms
  4002 | D:3      | Reached XP level 6. HP: 21/44 MP: 6/6
  4844 | D:3      | Became a worshipper of Qazlal Stormbringer
  5022 | D:4      | Reached skill level 1 in Invocations
  5434 | D:4      | Reached XP level 7. HP: 50/50 MP: 7/7
  5481 | D:4      | Killed from afar by an orc wizard

Illustrated notes

Levels and vault maps discovered:
D:1:      mrwooster_arrival_statue_3, layout_loops_ring, minmay_misc_feat_roman,
          chequers_arboretum
D:2:      layout_basic, first_ration, uniq_robin
D:3:      layout_basic, st_stairs_10, hangedman_decor_push, grunt_ministairs_15,
          grunt_qazlal_sundering
D:4:      layout_basic

Skill      XL: |  1  2  3  4  5  6 |
---------------+-------------------+-----
Armour         | 1 2 |  2.0
Polearms       | 4 6 |  6.9
Invocations    | 1 |  1.0
Fighting       | |  2.1
Throwing       | |  2.0
Dodging        | |  2.6

Action                   |  1- 3 |  4- 6 |  7- 9 || total
-------------------------+-------+-------+-------++-------
Melee: Trident           |   111 |   240 |    13 ||   364
Throw: Throwing net      |     3 |     2 |       ||     5
       Stone             |       |    12 |     6 ||    18
       Dart              |       |    21 |     2 ||    23
 Abil: Dig               |       |     2 |       ||     2
  Use: Scroll            |     5 |     6 |       ||    11
       Potion            |       |     3 |       ||     3
 Stab: Sleeping          |     1 |     2 |       ||     3
       Held in net/web   |     1 |     2 |       ||     3
  Eat: Chunk             |     2 |    10 |       ||    12
       Ration            |       |     1 |       ||     1
Armor: Leather armour    |    32 |    35 |     1 ||    68
Dodge: Dodged            |    64 |   126 |     6 ||   196
